 Dungeon Crawl Stone Soup version 0.17-a0-1769-g54adf96 (webtiles) character file.

1673 wvc the Spear-Bearer (level 8, -4/70 HPs)
             Began as a Minotaur Chaos Knight on Sept 7, 2015.
             Slain by dadoka's ghost (19 damage)
             ... on level 6 of the Dungeon.
             The game lasted 00:10:11 (5286 turns).

wvc the Spear-Bearer (Minotaur Chaos Knight)        Turns: 5286, Time: 00:10:12

Health: -4/70      AC:  7    Str: 20    XL:     8   Next: 70%
Magic:  7/7        EV: 12    Int:  9    God:    Xom [.....*]
Gold:   55         SH:  0    Dex: 11    Spells: 0 memorised, 7 levels left

rFire  . . .     SeeInvis .     a - +4 spear (chaos)
rCold  . . .     Clarity  .     b - +2 leather armour
rNeg   . . .     SustAt   .     (no shield)
rPois  +         Gourm    .     (helmet restricted)
rElec  .         Spirit   .     (no cloak)
rCorr  .         Warding  .     (no gloves)
rMut   .         Stasis   .     p - +1 pair of boots
MR     .....                    (no amulet)
Stlth  ++........               (no ring)
                                l - ring of stealth

@: not resistant to hostile enchantments, unstealthy
A: retaliatory headbutt, horns 2, poison resistance, spit poison 1, strong 1
a: Spit Poison, Renounce Religion


You were on level 6 of the Dungeon.
You worshipped Xom.
You were Xom's teddy bear.
You were not hungry.

You visited 1 branch of the dungeon, and saw 6 of its levels.
You also visited: Ossuary.

You collected 216 gold pieces.
You spent 161 gold pieces at shops.

Inventory:

Hand weapons
 a - a +4 spear of chaos (weapon)
 x - a +4 vampiric trident
Missiles
 m - a throwing net (quivered)
 u - 8 poisoned needles
Armour
 b - a +2 leather armour (worn)
 p - a +1 pair of boots (worn)
Jewellery
 l - a ring of stealth (left hand)
 q - an uncursed ring of fire
Magical devices
 i - a wand of magic darts (27)
Scrolls
 g - 2 scrolls of blinking
 n - 4 scrolls of magic mapping
 o - 4 scrolls of identify
 r - 3 scrolls of noise
 v - a scroll of enchant weapon
 y - 2 scrolls of remove curse
 z - 2 scrolls of vulnerability {unknown}
 C - a scroll of acquirement {unknown}
Potions
 d - 2 potions of heal wounds
 f - 2 potions of agility
 h - 2 potions of invisibility
 j - a potion of flight
 k - 2 potions of lignification {unknown}
 s - a potion of degeneration {unknown}
 w - a potion of ambrosia {unknown}
 A - a potion of haste {unknown}
 B - 2 potions of curing
Books
 e - a book of Dreams

   Spells                             Type                      Level
   a - Ensorcelled Hibernation        Hexes/Ice                    2
   b - Phase Shift                    Translocation                5
   c - Shadow Creatures               Summoning                    5
   d - Silence                        Hexes/Air                    5
   e - Darkness                       Hexes                        6
   f - Mass Confusion                 Hexes                        6
Comestibles
 c - 4 bread rations
 t - a beef jerky
 D - a chunk of flesh


   Skills:
 + Level 5.8 Fighting
 - Level 12.1 Polearms
 + Level 4.1 Armour
 + Level 1.8 Dodging


You had 7 spell levels left.
You didn't know any spells.

Dungeon Overview and Level Annotations

Branches:
Dungeon (6/15)             Temple (0/1) D:5

Altars:
Kikubaaqudgha
Qazlal
Sif Muna
Yredelemnul

Shops:
D:4 ?:[[   D:5 }

Annotations:
D:6 dadoka's ghost, experienced OgHu
Abyss:1 Dowan


Innate Abilities, Weirdness & Mutations

You reflexively headbutt those who attack you in melee.
You have a pair of horns on your head.
Your system is resistant to poisons.
You can spit weak poison.
Your muscles are strong. (Str +2)


Message History

The sky beast is almost dead.
The sky beast hits you. The sky beast shocks you.
You closely miss the sky beast.
The sky beast is almost dead.
The sky beast flickers out of sight!
You closely miss something. You headbutt something.
Something hits you but does no damage.
You hit something but do no damage. You miss something.
Your headbutt misses something. Something hits you!
* * * LOW HITPOINT WARNING * * *
Something hits you.
* * * LOW HITPOINT WARNING * * *
Something shocks you.
* * * LOW HITPOINT WARNING * * *
You are too injured to fight recklessly!
You are too injured to fight recklessly!
You are too injured to fight recklessly!
You hit something but do no damage. You hit something but do no damage.
Something hits you!!
You die...

..# ## #.#
#######.. #.#
#........ #######.#
#........ ........#
#........
.....).J###........
((......#..........
.......{#..<.......
........@..>.......
.......####........
....<.. #......#+
....... #####+##
....... ##+##+#


You could see a jelly.

Vanquished Creatures
  The ghost of wvc the Cutter, an experienced OpAs (Ossuary)
  The ghost of gorblad the Sneak, an average OpAs (D:4)
  Duvessa (D:5)
  2 ogres (D:4)
  A centaur (D:5)
  A phantom (D:4)
  2 elf zombies (Ossuary)
  3 scorpions (D:4)
  2 centaur zombies (Ossuary)
  A human zombie (Ossuary)
  An iguana (D:4)
  2 orc wizards (D:4)
  A giant frog skeleton (D:4)
  2 orc priests (D:4)
  A worker ant (D:4)
  A hound zombie (D:3)
  A hound skeleton (D:4)
  A mummy (Ossuary)
  2 gnolls (D:3)
  2 adders (D:2)
  4 river rats (D:3)
  An adder skeleton (D:4)
  2 worms
  3 giant geckos
  14 orcs
  9 bats
  5 giant cockroaches
  5 goblins
  7 hobgoblins
  7 jackals
  3 quokkas
  3 ball pythons
  A ball python skeleton (D:5)
  A giant gecko zombie (D:5)
  3 giant newts
  10 hobgoblin zombies (Ossuary)
  2 jackal zombies (Ossuary)
  7 kobolds (D:1)
  10 kobold zombies (Ossuary)
  5 orc zombies (Ossuary)
  9 rats
  A bush (D:1)
141 creatures vanquished.

Vanquished Creatures (collateral kills)
  A goblin zombie (Ossuary)
  2 hobgoblin zombies (Ossuary)
  A kobold zombie (Ossuary)
4 creatures vanquished.

Vanquished Creatures (others)
  A mummy (Ossuary)
1 creature vanquished.

Grand Total: 146 creatures vanquished

Notes
Turn   | Place    | Note
--------------------------------------------------------------
     0 | D:1      | wvc the Minotaur Chaos Knight began the quest for the Orb.
     0 | D:1      | Reached XP level 1. HP: 19/19 MP: 0/0
    51 | D:1      | You fall through a shaft!
   223 | D:1      | Reached skill level 4 in Polearms
   386 | D:1      | Reached XP level 2. HP: 26/26 MP: 1/1
   426 | D:1      | XOM: harmless Air miscast
   506 | D:1      | XOM: silly message
   597 | D:1      | Reached skill level 5 in Polearms
   622 | D:1      | Reached XP level 3. HP: 31/31 MP: 2/2
  1352 | D:2      | Found a stormy altar of Qazlal.
  1487 | D:2      | XOM: harmless Ice miscast
  1519 | D:2      | Found a deep blue altar of Sif Muna.
  1624 | D:2      | Reached XP level 4. HP: 36/39 MP: 3/3
  1638 | D:2      | XOM: divination: detect creatures
  1757 | D:3      | XOM: swap monsters
  1757 | D:3      | Reached skill level 6 in Polearms
  1885 | D:3      | XOM: torment (21/39 hp)
  2115 | D:3      | XOM: harmless Ice miscast
  2210 | D:3      | XOM: colour smoke trail
  2221 | D:3      | Reached XP level 5. HP: 28/45 MP: 4/4
  2296 | D:3      | XOM: mild Fire miscast
  2308 | D:3      | Reached skill level 7 in Polearms
  2882 | D:4      | XOM: enchant monster (good)
  2895 | D:4      | Found a basalt altar of Yredelemnul.
  2962 | D:4      | Found Kivonnue's Book Shop.
  2973 | D:4      | Reached skill level 8 in Polearms
  2973 | D:4      | Reached XP level 6. HP: 51/51 MP: 5/5
  2994 | D:4      | Noticed an ogre
  2999 | D:4      | Noticed gorblad's ghost (average OpAs)
  3006 | D:4      | Killed an ogre
  3006 | D:4      | Reached skill level 9 in Polearms
  3015 | D:4      | XOM: mild Trmt miscast
  3026 | D:4      | XOM: confusion
  3166 | D:3      | XOM: colour smoke trail
  3269 | D:4      | XOM: cast spell 'Excruciating Wounds'
  3332 | D:3      | XOM: colour smoke trail
  3526 | D:4      | Found Byejoneo's Antique Armour Boutique.
  3631 | D:4      | Reached XP level 7. HP: 39/57 MP: 6/6
  3799 | D:4      | XOM: mild Erth miscast
  3807 | D:4      | Killed gorblad's ghost
  3807 | D:4      | Reached skill level 10 in Polearms
  3860 | D:4      | XOM: noise
  3868 | D:4      | Found Qimmokle's Armour Emporium.
  3945 | D:4      | Found an ancient bone altar of Kikubaaqudgha.
  4001 | D:4      | XOM: enchant monster (good)
  4002 | D:4      | Noticed a phantom
  4038 | D:4      | Killed a phantom
  4127 | D:4      | XOM: fog
  4164 | D:4      | Found Luarae's Magic Scroll Boutique.
  4168 | D:4      | Bought a scroll of identify for 28 gold pieces
  4168 | D:4      | Bought a scroll of enchant weapon for 105 gold pieces
  4168 | D:4      | Bought a scroll of identify for 28 gold pieces
  4182 | D:4      | XOM: enchant monster (good)
  4200 | D:4      | Reached skill level 11 in Polearms
  4220 | D:4      | XOM: confusion (+ monsters)
  4341 | D:5      | Entered Level 5 of the Dungeon
  4412 | D:5      | Found a sand-covered staircase.
  4440 | Ossuary  | Entered an ossuary
  4500 | Ossuary  | Noticed wvc's ghost (experienced OpAs)
  4515 | Ossuary  | Killed wvc's ghost
  4515 | Ossuary  | Reached skill level 12 in Polearms
  4515 | Ossuary  | Reached XP level 8. HP: 64/64 MP: 7/7
  4558 | Ossuary  | XOM: confuse monster(s)
  4577 | Ossuary  | XOM: confuse monster(s)
  4579 | Ossuary  | XOM: summons friendly shadow imp
  4632 | Ossuary  | Reached skill level 5 in Fighting
  4684 | Ossuary  | XOM: give mutations
  4684 | Ossuary  | Gained mutation: You can spit weak poison. [Xom's grace]
  4684 | Ossuary  | Gained mutation: Your muscles are strong. (Str +2) [Xom's grace]
  4684 | Ossuary  | Gained mutation: Your system is resistant to poisons. [Xom's grace]
  4740 | D:5      | Found Rostrit's Gadget Boutique.
  4791 | D:5      | XOM: vitrification
  4792 | D:5      | Noticed Dowan
  4793 | D:5      | Noticed Duvessa
  4796 | D:5      | Banished Dowan
  4797 | D:5      | XOM: swap monsters
  4811 | D:5      | Killed Duvessa
  4868 | D:5      | XOM: vitrification
  4881 | D:5      | Found a staircase to the Ecumenical Temple.
  5229 | D:5      | XOM: vitrification
  5270 | D:6      | Noticed dadoka's ghost (experienced OgHu)
  5286 | D:6      | Slain by dadoka's ghost

Vault maps used:
D:1:      roderic_octagonal_star, serial_bayou_pond_d, lexackson_kobold_supper
D:2:      lemuel_doored_altar, led_sif_pool
D:3:      wad_woods_tower
D:4:      yredelemnul_altar_generic, kennysheep_mini, serial_shops, shop,
          nicolae_shop_stone, shop, shop
D:5:      minmay_temple_entry_statues_fountains, first_bread,
          nicolae_ossuary_entry_false_entrances, serial_shops,
          nicolae_shop_trees, uniq_duvessa
D:6:      basic_altar, serial_shops, shop
Ossuary:  ossuary_tomb_1

Action                   |  1- 3 |  4- 6 |  7- 9 || total
-------------------------+-------+-------+-------++-------
Melee: Spear             |   129 |   127 |   204 ||   460
  Use: Scroll            |       |    14 |     2 ||    16
       Potion            |       |       |     1 ||     1
 Stab: Paralysed         |     2 |     3 |     9 ||    14
       Sleeping          |     6 |     6 |     1 ||    13
       Confused          |     1 |       |     5 ||     6
       Petrifying        |       |       |     2 ||     2
       Petrified         |       |       |     1 ||     1
  Eat: Chunk             |     1 |     1 |     1 ||     3
       Pizza             |     1 |       |       ||     1
       Meat ration       |       |     1 |       ||     1
       Bread ration      |       |       |     1 ||     1
